 Dungeon Crawl Stone Soup version 0.31-a0-177-g4aa6249778 (webtiles) character file.

Game seed: 3532592283876144262

1767 Hajna the Covert (level 9, -3/47 HPs)
             Began as a Kobold Enchanter on June 19, 2023.
             Slain by a yak (7 damage)
             ... on level 6 of the Dungeon.
             The game lasted 00:08:58 (4995 turns).

Hajna the Covert (Kobold Enchanter)                 Turns: 4995, Time: 00:09:00

Health: -3/47      AC:  3    Str:  5    XL:     9   Next: 28%
Magic:  5/15       EV: 21    Int: 16    God:
Gold:   178        SH:  0    Dex: 25    Spells: 14/16 levels left

rFire   . . .        i - +2 dagger "Visogow" {heavy, *Noise rPois Dex+5 Stlth+}
rCold   . . .        (no shield)
rNeg    . . .        b - +1 robe
rPois   +            (no helmet)
rElec   .            (no cloak)
rCorr   .            (no gloves)
SInv    .            (no boots)
Will    .....        (no amulet)
Stlth   ++++++++     m - ring of poison resistance
HPRegen 0.27/turn    (no ring)
MPRegen 0.14/turn

%: no passive effects
@: studying Dodging
A: small, no large weapons, nightstalker 3
a: no special abilities


You were on level 6 of the Dungeon.
You visited 1 branch of the dungeon, and saw 6 of its levels.

You collected 178 gold pieces.

Inventory:

Hand Weapons
 a - a +1 dagger
 i - the +2 dagger "Visogow" (weapon) {heavy, *Noise rPois Dex+5 Stlth+}
   (You found it on level 2 of the Dungeon)

   Dex:       It affects your dexterity (+5).
   rPois:     It protects you from poison.
   *Noise:    It may make noises in combat.
   Stlth:     It makes you more stealthy.
 u - a +0 short sword of flaming
Missiles
 e - 11 poisoned darts
 v - 3 throwing nets
Armour
 b - a +1 robe (worn)
Jewellery
 m - a ring of poison resistance (left hand)
Scrolls
 d - a scroll of teleportation {unknown}
 g - a scroll of blinking
 l - a scroll of fear
 q - a scroll of silence
 w - a scroll of revelation {unknown}
Potions
 c - a potion of invisibility
 j - a potion of brilliance
 k - 4 potions of enlightenment
 o - a potion of haste {unknown}
 p - a potion of magic
 r - 2 potions of attraction {unknown}
 t - a potion of might {unknown}


   Skills:
 + Level 1.3 Fighting
 + Level 3.1 Short Blades
 * Level 6.9 Dodging
 * Level 12.3 Stealth
 + Level 4.2 Spellcasting
 + Level 4.6 Hexes
 + Level 2.7 Ice Magic


You had 14 spell levels left.
You knew the following spells:

 Your Spells              Type           Power      Damage    Failure   Level
a - Ensorcelled Hibernat  Hex/Ice        30%        N/A       5%          2

Your spell library contained the following spells:

 Spells                   Type           Power      Damage    Failure   Level
 Confusing Touch          Hex            18%        N/A       8%          3
 Tukima's Dance           Hex            18%        N/A       8%          3
 Sandblast                Erth           6%         2d5       17%         1
 Dazzling Flash           Conj/Hex       20%        N/A       19%         3
 Passwall                 Tmut/Erth      2%         N/A       26%         2
 Stone Arrow              Conj/Erth      6%         3d7       45%         3


Dungeon Overview and Level Annotations

Branches:
Dungeon (6/15)
 Temple: D:4-7

Altars:
Gozag
Ru
The Shining One

Shops:
D:2 =   D:3 *


Innate Abilities, Weirdness & Mutations

You are small and have problems with some larger weapons.
You are completely attuned to the shadows.


Message History

There is an entrance to a sewer on this level.
Hurry and find it before the portal rusts away!
Found a murky purple potion and 9 gold pieces.
There is a stone staircase leading up here.
The helpless ogre fails to defend itself.
You skewer the ogre like a kebab!!!!
You kill the ogre!
The yak bellows! x4
The yak closely misses you. The yak barely misses you.
The yak closely misses you. The yak misses you.
You climb upwards.
There is a stone staircase leading down here.
The yak resists with some effort.
The yak gores you! The yak gores you but does no damage.
The yak looks drowsy...
The yak barely misses you.
The helpless yak fails to defend itself.
You stick the yak like a pincushion!!!!
You kill the yak!
The yak completely misses you.
Your Stealth skill increases to level 12!
Your Spellcasting skill increases to level 4!
The yak looks drowsy...
The helpless yak fails to defend itself.
You perforate the yak like a sieve!!!!
You kill the yak!
You can't go up here!
You climb downwards.
You hear the sound of rushing water.
There is an entrance to a sewer on this level.
Hurry and find it before the portal rusts away!
The yak barely misses you. The yak gores you.
There is a stone staircase leading up, spattered with blood here.
The yak resists with some effort.
The yak barely misses you. The yak misses you.
The yak looks drowsy...
The yak gores you!
The helpless yak fails to defend itself.
You skewer the yak like a kebab!!!
You kill the yak!
The yak gores you!
* * * LOW HITPOINT WARNING * * *
The yak gores you!
You die...

#########
...#..#..
.........
....)....
....@Y...
.!.##....
.. .... #
.... ...$


You could see a yak.

Vanquished Creatures
  A hornet (D:4)
  Prince Ribbit (D:5)
  3 yaks
  A water moccasin (D:5)
  A centaur (D:5)
  3 ogres
  3 scorpions
  A hound (D:5)
  2 orc priests
  A gnoll bouda (D:4)
  2 iguanas
  An orc wizard (D:4)
  11 gnolls
  6 adders
  2 worms
  3 dart slugs
  18 orcs
  6 ball pythons
  6 endoplasms
  9 giant cockroaches
  5 goblins
  8 hobgoblins
  9 jackals
  7 kobolds
  A quokka (D:4)
  2 bats (D:1)
  2 frilled lizards
  4 rats
119 creatures vanquished.

Notes
Turn   | Place    | Note
-------+----------+-------------------------------------------
     0 | D:1      | Hajna the Kobold Enchanter began the quest for the Orb.
     0 | D:1      | Reached XP level 1. HP: 10/10 MP: 3/3
    93 | D:1      | Reached XP level 2. HP: 10/15 MP: 5/5
    96 | D:1      | Learned a level 2 spell: Ensorcelled Hibernation
   306 | D:1      | Found a faded altar of an unknown god.
   577 | D:1      | Reached XP level 3. HP: 19/19 MP: 6/6
   864 | D:2      | Found a glowing golden altar of the Shining One.
   865 | D:2      | Identified the +2 dagger "Visogow" {heavy, *Noise rPois
                  | Dex+5 Stlth+}
   887 | D:2      | Reached skill level 5 in Stealth
  1226 | D:2      | Reached XP level 4. HP: 24/24 MP: 4/7
  1280 | D:2      | Found Tunekh's Jewellery Shop.
  2137 | D:3      | Found Puicampy's Assorted Antiques.
  2153 | D:3      | Reached XP level 5. HP: 9/28 MP: 1/9
  2336 | D:3      | Reached skill level 6 in Stealth
  2864 | D:4      | Reached skill level 1 in Ice Magic
  2938 | D:4      | Reached XP level 6. HP: 33/33 MP: 10/10
  3270 | D:4      | Reached skill level 7 in Stealth
  3570 | D:4      | Noticed an ogre
  3603 | D:4      | Killed an ogre
  3604 | D:4      | Reached XP level 7. HP: 27/37 MP: 5/11
  3658 | D:4      | Reached skill level 8 in Stealth
  3698 | D:4      | Noticed a hornet
  3702 | D:4      | Killed a hornet
  3703 | D:4      | Reached skill level 1 in Fighting
  3703 | D:4      | Reached skill level 9 in Stealth
  3862 | D:5      | Entered Level 5 of the Dungeon
  3924 | D:5      | Reached XP level 8. HP: 35/43 MP: 4/13
  3998 | D:5      | Noticed Prince Ribbit
  4003 | D:5      | Killed Prince Ribbit
  4004 | D:5      | Reached skill level 5 in Dodging
  4004 | D:5      | Reached skill level 10 in Stealth
  4424 | D:5      | Reached skill level 11 in Stealth
  4861 | D:5      | Reached XP level 9. HP: 47/47 MP: 14/14
  4895 | D:5      | Found a sacrificial altar of Ru.
  4902 | D:5      | Found an opulent altar of Gozag.
  4989 | D:5      | Reached skill level 12 in Stealth
  4995 | D:6      | Slain by a yak

Illustrated notes

Levels and vault maps discovered:
D:1:      minmay_arrival_plants_in_alcoves, layout_loops_cross,
          shapermc_ecumenical_altar_venn, minmay_misc_feat_plants
D:2:      layout_basic, serial_shops, nicolae_shop_gibbet_a_chance, basic_altar
D:3:      layout_loops_ring, serial_shops, nicolae_shop_overgrown_old_shop,
          serial_bayou_pond_a, chequers_serial_rivers_micro_b
D:4:      layout_basic, minmay_strange_pillars, minmay_manual_monstrance
D:5:      layout_loops_ring, mainiacjoe_overflow_big_doors, uniq_prince_ribbit1
D:6:      layout_gridville, minmay_temple_entry_arrows, serial_undead,
          serial_undead_c, serial_undead_e, serial_undead_a, serial_undead_a,
          serial_undead_d, serial_undead_a, cheibrodos_sewer_entry_sluice,
          minmay_between

Skill      XL: |  1  2  3  4  5  6  7  8  9 |
---------------+----------------------------+-----
Stealth        | 5 6 7 9 11 12 | 12.3
Dodging        | 3 4 6 |  6.9
Short Blades   | 2 3 |  3.1
Ice Magic      | 1 2 |  2.7
Spellcasting   | 3 4 |  4.2
Fighting       | 1 |  1.3
Hexes          | 4 |  4.6

Action                     |  1- 3 |  4- 6 |  7- 9 || total
---------------------------+-------+-------+-------++-------
  Melee: Dagger            |    61 |   102 |    54 ||   217
         Punch             |     1 |       |       ||     1
   Cast: Ensorcelled Hiber |    14 |    36 |    34 ||    84
    Use: Scroll            |     1 |       |     9 ||    10
         Potion            |       |     1 |       ||     1
   Stab: Sleeping          |    16 |    36 |    29 ||    81
 Armour: Robe              |     4 |    12 |     6 ||    22
  Dodge: Dodged            |    34 |    89 |    43 ||   166

Table legend: (Time is in decaauts)
 A = Elapsed time spent in this place.
 B = Non-inter-level travel time spent in this place.
 C = Inter-level travel time spent in this place.
 D = Time resting spent in this place.
 E = Time spent auto-exploring this place.
 F = Levels seen in this place.
 G = Mean time per level.
                   A        B        C        D        E       F      G
               +--------+--------+--------+--------+--------+-----+--------+
         Total |   5053 |   4917 |    136 |      0 |   4109 |   6 |  842.2 |
       Dungeon |   5053 |   4917 |    136 |      0 |   4109 |   6 |  842.2 |
               +--------+--------+--------+--------+--------+-----+--------+

Top non-repeatable levels by time:
     D:5: 1140 daAuts
     D:3: 1077 daAuts
     D:2: 1037 daAuts
     D:4: 1022 daAuts
     D:1: 768 daAuts
     D:6: 6 daAuts
